AoeStats
← hondayu

Black Forest

510529594Analyzed
4v4 RM · 1d ago on Oct 1, 2026· 42m 41s· 8 players
Game mode
Random Map
Map size
Large (8 player)
Population
200
Speed
Normal
Resources
Standard
Victory
Conquest
Starting age
Dark Age
Ending age
Imperial Age
RankedLock teamsTeams togetherTeam positionsShared explorationLock speedFull tech treeHidden civsTurbo modeCheats
Victory
Defeat
🇹🇷 Khmer · Türkiye
1028
+11
🇨🇱 Cumans · Chile
961
+14
🇪🇸 Teutons · Spain
950
+14
🇵🇱 Portuguese · Poland
941
+15
🇳🇱 Franks · Netherlands
1033
-47
🇨🇳 Mongols · China
944
-15
🇨🇳 Burgundians · China
850
-11
🇨🇳 Persians · China
841
-11
Calcetin
11:31 Feudal Age
19:32 Castle Age
19:46 Castle Age
18:18 Horse Collar
18:31 Double-Bit Axe
19:31 Stone Mining
20:42 Wheelbarrow
20:51 Gold Mining
22:15 Hand Cart
26:45 Gold Shaft Mining
31:37 Imperial Age
29:30 Bow Saw
29:25 Heavy Plow
30:57 Forging
30:53 Scale Barding Armor
31:01 Scale Barding Armor
32:23 Elite Steppe Lancer
33:14 Bloodlines
33:44 Iron Casting
33:33 Chain Barding Armor
33:17 Steppe Husbandry
34:41 Plate Barding Armor
36:57 Blast Furnace
cc
2:30 Loom
12:48 Feudal Age
14:02 Double-Bit Axe
14:59 Horse Collar
18:28 Castle Age
19:33 Bow Saw
21:11 Wheelbarrow
22:26 Heavy Plow
22:40 Gold Mining
26:16 Gold Shaft Mining
25:33 Stone Mining
27:55 Hand Cart
29:05 Stone Shaft Mining
32:34 Imperial Age
30:21 Caravan
30:30 Fletching
30:39 Murder Holes
30:38 Heated Shot
31:49 Coinage
32:27 Bodkin Arrow
32:33 Padded Archer Armor
32:40 Scale Barding Armor
32:46 Forging
33:54 Ballistics
33:45 Masonry
33:50 Double Crossbow
34:14 Conscription
33:51 Heavy Scorpion
36:10 Elite Ballista Elephant
36:48 Pikeman
38:01 Arson
38:43 Tusk Swords
38:34 Halberdier
41:23 Chemistry
40:54 Architecture
41:36 Scale Mail Armor
41:37 Bracer
41:53 Leather Archer Armor
42:00 Chain Barding Armor
42:16 Iron Casting
41:50 Siege Engineers
♡Queen Echo♡
12:41 Feudal Age
17:13 Castle Age
15:12 Double-Bit Axe
15:33 Horse Collar
19:07 Bow Saw
20:34 Heavy Plow
23:38 Wheelbarrow
24:53 Stone Mining
25:02 Gold Mining
33:02 Imperial Age
31:33 Ballistics
31:29 Masonry
31:17 Fletching
31:27 Padded Archer Armor
34:35 Crop Rotation
35:06 Two-Man Saw
34:46 Stone Shaft Mining
35:20 Chemistry
34:34 Siphons
35:01 Architecture
34:16 Treadmill Crane
34:35 Heated Shot
34:47 Bodkin Arrow
35:51 Conscription
36:55 Bombard Tower
36:33 Heated Shot
36:24 Treadmill Crane
37:15 Architecture
37:15 Bracer
37:30 Leather Archer Armor
37:16 Scale Mail Armor
37:06 Gambesons
36:45 Pikeman
37:49 Halberdier
40:20 Elite Organ Gun
41:01 Arson
MIERES
0:31 Loom
14:13 Feudal Age
18:54 Castle Age
16:42 Double-Bit Axe
17:29 Horse Collar
20:48 Bow Saw
20:46 Heavy Plow
22:46 Wheelbarrow
26:24 Hand Cart
26:52 Town Watch
32:04 Imperial Age
30:42 Stone Mining
30:45 Gold Mining
31:08 Fletching
31:18 Scale Mail Armor
31:59 Forging
31:47 Bodkin Arrow
32:51 Stone Shaft Mining
32:21 Squires
34:09 Chemistry
33:39 Chain Mail Armor
33:34 Forging
33:35 Caravan
34:30 Conscription
34:33 Crenellations
35:29 Plate Mail Armor
35:34 Iron Casting
36:07 Conscription
35:12 Elite Teutonic Knight
39:23 Iron Casting
38:54 Gambesons
39:06 Arson
41:53 Scale Barding Armor
42:48 Blast Furnace
42:41 Cavalier
stana
1:15 Loom
16:16 Feudal Age
17:31 Gold Mining
19:12 Stone Mining
19:11 Double-Bit Axe
26:57 Castle Age
26:17 Wheelbarrow
25:58 Man-at-Arms
27:22 Forging
27:00 Arson
28:24 Squires
28:10 Gambesons
29:12 Scale Barding Armor
29:21 Pikeman
30:47 Scale Mail Armor
31:15 Fletching
32:45 Bow Saw
34:42 Iron Casting
34:05 Bodkin Arrow
35:57 Long Swordsman
37:19 Padded Archer Armor
38:09 Husbandry
阿炳弟弟
11:38 Feudal Age
12:30 Double-Bit Axe
12:50 Gold Mining
12:56 Stone Mining
15:18 Wheelbarrow
21:38 Castle Age
19:41 Horse Collar
20:53 Forging
21:24 Fletching
21:41 Scale Barding Armor
22:11 Bloodlines
22:15 Padded Archer Armor
23:03 Heavy Plow
23:39 Bow Saw
24:42 Husbandry
25:41 Leather Archer Armor
26:10 Bodkin Arrow
28:04 Iron Casting
28:12 Murder Holes
29:31 Ballistics
30:16 Chain Barding Armor
31:22 Thumb Ring
33:36 Caravan
35:27 Gold Shaft Mining
35:31 Stone Shaft Mining
40:36 Imperial Age
42:18 Chemistry
42:55 Blast Furnace
41:56 Bracer
最长一枪
15:30 Double-Bit Axe
18:18 Feudal Age
17:52 Horse Collar
19:43 Bow Saw
21:29 Wheelbarrow
24:51 Castle Age
25:06 Gold Mining
26:30 Husbandry
25:51 Cavalier
32:43 Stone Mining
33:36 Scale Barding Armor
34:28 Forging
34:41 Heavy Plow
35:35 Chain Barding Armor
35:42 Hand Cart
36:43 Iron Casting
36:10 Scale Mail Armor
43:06 Imperial Age
40:48 Squires
40:09 Pikeman
hondayu
11:40 Feudal Age
16:16 Castle Age
15:36 Bloodlines
17:34 Double-Bit Axe
18:54 Scale Barding Armor
19:01 Forging
20:18 Fletching
21:29 Horse Collar
24:51 Bow Saw
26:07 Chain Barding Armor
29:13 Wheelbarrow
28:24 Town Watch
29:07 Caravan
31:48 Kamandaran
31:47 Bodkin Arrow
32:29 Iron Casting
32:01 Caravan
34:10 Padded Archer Armor
35:00 Gold Mining
35:04 Stone Mining
35:45 Thumb Ring
35:01 Crossbowman
39:08 Imperial Age
36:58 Leather Archer Armor
40:45 Ring Archer Armor
Connection lost

Rejoining the realm…

Still unreachable

The connection could not be restored.

Session expired

The server has moved on; the page needs a fresh start.